 Dungeon Crawl Stone Soup version bcrawl-1.37.1 (webtiles) character file.

Game seed: 2060863036923819498

139105 diana the Cudgeler (level 5, -2/47 HPs)
             Began as a Sand Dwarf Gladiator on Oct 16, 2022.
             Slain by an ice beast (9 damage)
             ... on level 3 of the Dungeon.
             The game lasted 00:02:18 (2200 turns).

diana the Cudgeler (Sand Dwarf Gladiator)           Turns: 2200, Time: 00:02:19

Health: -2/47      AC:  4    Str: 19    XL:     5   Next: 7%
Magic:  5/5        EV: 14    Int:  9    God:
Gold:   230        SH:  0    Dex: 12    Spells: 4/4 levels left

rFire    . . .     GDR:     26% a - +0 flail
rCold    . . .     SeeInvis .   (shield restricted)
rNeg     . . .     Gourm    .   b - +0 leather armour
rPois    .         Faith    .   c - +0 helmet
rElec    +         Spirit   .   (no cloak)
rCorr    +         Reflect  .   (no gloves)
MR       .....                  (no boots)
Stlth    +.........             (no amulet)
HPRegen  0.17/turn              h - ring of insulation
MPRegen  0.09/turn              o - ring of resist corrosion

@: slow
A: small, slowness 1, armour attunement
a: no special abilities


You were on level 3 of the Dungeon.
You were hungry.

You visited 1 branch of the dungeon, and saw 3 of its levels.

You collected 230 gold pieces.

Inventory:

Hand Weapons
 a - a +0 flail (weapon)
Missiles
 d - 3 throwing nets {=f}
Armour
 b - a +0 leather armour (worn)
 c - a +0 helmet (worn)
Jewellery
 h - a ring of insulation (left hand)
 o - a ring of resist corrosion (right hand)
Scrolls
 g - 3 scrolls of enchant weapon {unknown}
 i - a scroll of identify
 l - a scroll of remove curse {unknown}
 p - a scroll of immolation {unknown}
 q - a scroll of noise {unknown}
Potions
 f - a potion of heal wounds
 j - a potion of cancellation {unknown}
 k - 2 potions of curing {unknown}
 m - a potion of flight {unknown}
 n - a potion of mutation {unknown}
Comestibles
 e - 4 rations {!d}
 r - a chunk of flesh


   Skills:
 + Level 4.4 Fighting
 * Level 6.2 Maces & Flails
 - Level 2.0 Throwing
 + Level 2.2 Armour
 + Level 2.9 Dodging


You had 4 spell levels left.
You didn't know any spells.
Your spell library was empty.

Dungeon Overview and Level Annotations

Branches:
Dungeon (3/12)

Altars:


Innate Abilities, Weirdness & Mutations

You are small and have problems with some larger weapons.
You cover ground slowly.
Armour does not affect your spellcasting.


Message History

The ice beast is heavily wounded.
The ice beast hits you. The ice beast freezes you!
* * * LOW HITPOINT WARNING * * *
You closely miss the ice beast.
The ice beast is heavily wounded.
The ice beast completely misses you.
You closely miss the ice beast.
The ice beast is heavily wounded.
The ice beast closely misses you.
You hit the ice beast.
The ice beast is severely wounded.
The ice beast hits you but does no damage.
You hit the ice beast but do no damage.
The ice beast is severely wounded.
The ice beast misses you.
You hear a grinding noise.
The ice beast hits you.
* * * LOW HITPOINT WARNING * * *
The ice beast freezes you!
You die...

##..##### #.# #..# #Y# ....
#.# #.# ## ############# #.
#....Y@.....# #.
#.#########.# #.# #.# #o#
#.######## #.# #.........
#o##########[######
#o............######
#............#.........###.
.oooo....#####...............


You could see an ice beast.

Vanquished Creatures
  An adder (D:3)
  An ooze (D:2)
  An adder skeleton (D:3)
  A dart slug (D:2)
  5 leopard geckos
  11 orcs
  3 giant cockroaches
  6 goblins
  10 hobgoblins
  12 jackals
  7 kobolds
  3 quokkas
  A ball python (D:1)
  8 bats
  2 frilled lizards
  5 rats
77 creatures vanquished.

Notes
Turn   | Place    | Note
-------+----------+-------------------------------------------
     0 | D:1      | diana the Sand Dwarf Gladiator began the quest for the Orb.
     0 | D:1      | Reached XP level 1. HP: 19/19 MP: 1/1
    28 | D:1      | Reached XP level 2. HP: 25/27 MP: 2/2
   233 | D:1      | Reached skill level 1 in Armour
   280 | D:1      | Reached skill level 5 in Maces & Flails
   542 | D:1      | Reached XP level 3. HP: 33/33 MP: 3/3
   957 | D:2      | Reached XP level 4. HP: 37/40 MP: 4/4
  1631 | D:3      | Noticed an ice beast
  1834 | D:3      | Reached skill level 6 in Maces & Flails
  2173 | D:3      | Reached XP level 5. HP: 43/47 MP: 5/5
  2200 | D:3      | Slain by an ice beast

Skill      XL: |  1  2  3  4 |
---------------+-------------+-----
Armour         | 1 2 |  2.2
Maces & Flails | 5 6 |  6.2
Fighting       | 4 |  4.4
Throwing       | |  2.0
Dodging        | |  2.9

Action                   |  1- 3 |  4- 6 || total
-------------------------+-------+-------++-------
Melee: Flail             |   144 |   133 ||   277
  Eat: Chunk             |     5 |     7 ||    12
Armor: Leather armour    |    36 |    28 ||    64
Dodge: Dodged            |   163 |    79 ||   242
